 Dungeon Crawl Stone Soup version 0.17-a0-1951-g62301d3 (webtiles) character file.

95 George the Slasher (level 4, 0/37 HPs)
             Began as a Minotaur Gladiator on Oct 2, 2015.
             Was an Initiate of the Shining One.
             Slain by an orc warrior
             ... wielding a +0 trident
              (13 damage)
             ... on level 3 of the Dungeon.
             The game lasted 00:03:21 (1558 turns).

George the Slasher (Minotaur Gladiator)             Turns: 1558, Time: 00:03:21

Health: 0/37       AC: 10    Str: 19    XL:     4   Next: 39%
Magic:  3/3        EV:  6    Int:  5    God:    the Shining One [......]
Gold:   137        SH:  0    Dex: 12    Spells: 0 memorised, 3 levels left

rFire  . . .     SeeInvis .     a - +0 long sword
rCold  . . .     Clarity  .     h - +0 plate armour
rNeg   . . .     SustAt   .     (no shield)
rPois  .         Gourm    .     c - +0 hat
rElec  .         Spirit   .     (no cloak)
rCorr  .         Warding  .     (no gloves)
rMut   .         Stasis   .     (no boots)
MR     .....                    (no amulet)
Stlth  ..........               (no ring)
                                (no ring)

@: not resistant to hostile enchantments, extremely unstealthy
A: retaliatory headbutt, horns 2
a: Renounce Religion


You were on level 3 of the Dungeon.
You worshipped the Shining One.
The Shining One was noncommittal.
You were very hungry.

You visited 1 branch of the dungeon, and saw 3 of its levels.

You collected 137 gold pieces.

Inventory:

Hand weapons
 a - a +0 long sword (weapon)
Missiles
 d - 3 throwing nets
 m - 6 javelins (quivered)
Armour
 c - a +0 hat (worn)
 h - a +0 plate armour (worn)
Scrolls
 f - 2 scrolls of enchant weapon {unknown}
 g - 4 scrolls of identify {unknown}
 i - 3 scrolls of recharging {unknown}
 j - a scroll of magic mapping {unknown}
 k - a scroll of fear {unknown}
 l - a scroll of fog {unknown}
 r - a scroll of immolation {unknown}
 s - a scroll of amnesia {unknown}
Potions
 n - 2 potions of poison {unknown}
 q - a potion of lignification {unknown}
Comestibles
 e - a bread ration
 p - a slice of pizza


   Skills:
 + Level 2.8 Fighting
 + Level 5.8 Long Blades
 - Level 2.0 Throwing
 + Level 0.8 Armour
 - Level 3.2 Dodging
 + Level 0.8 Invocations


You had 3 spell levels left.
You didn't know any spells.

Dungeon Overview and Level Annotations

Branches:
Dungeon (3/15)

Altars:
Dithmenos
Okawaru
Sif Muna
Zin
The Shining One


Innate Abilities, Weirdness & Mutations

You reflexively headbutt those who attack you in melee.
You have a pair of horns on your head.


Message History

The orc wizard mumbles some strange words.
The orc wizard blinks!
You hit the orc wizard.
The orc wizard is moderately wounded.
The orc wizard hits you but does no damage.
The orc warrior hits you but does no damage.
The orc wizard gestures at you while chanting.
The magic dart hits you!
The orc wizard hits you but does no damage.
There is an open door here.
The orc wizard gestures at you while chanting.
The magic dart hits you!
A giant gecko comes into view.
The orc wizard is no longer moving quickly.
The giant gecko bites you but does no damage.
You closely miss the giant gecko. You headbutt the giant gecko.
You kill the giant gecko!
The orc wizard hits you with a dagger.
The orc warrior hits you from afar with a trident!
You die...

#######......################
#......>.....o.o.........ยง.(.
###'#####.....################
#....# #.....# #....# #.....#
#....####.....#
#.......#....o#
#....##.#....o#
#....##.#....@#
#....##.#.....#
#....##.#.....#
#.>..##.#.....#
.....##.########
......##.##....<# #.#...####
#.##..# #.....#


You could see an orc warrior, an orc wizard and an orc.

Vanquished Creatures
  Jessica (D:2)
  A gnoll (D:1)
  An adder (D:2)
  A worm (D:2)
  The ghost of Duffy the Ruffian, a weakling GrMo (D:3)
  A ball python (D:2)
  5 bats
  3 giant cockroaches
  4 hobgoblins
  4 jackals (D:2)
  3 kobolds
  4 quokkas (D:2)
  4 giant geckos
  3 giant newts (D:2)
  3 goblins
  4 rats
43 creatures vanquished.

Notes
Turn   | Place    | Note
--------------------------------------------------------------
     0 | D:1      | George the Minotaur Gladiator began the quest for the Orb.
     0 | D:1      | Reached XP level 1. HP: 18/18 MP: 0/0
   165 | D:1      | Reached skill level 4 in Long Blades
   258 | D:1      | Reached XP level 2. HP: 20/25 MP: 1/1
   458 | D:1      | Reached skill level 5 in Long Blades
   638 | D:2      | Reached XP level 3. HP: 22/30 MP: 2/2
  1025 | D:2      | Found a glowing golden altar of the Shining One.
  1028 | D:2      | Became a worshipper of the Shining One
  1078 | D:2      | Found a glowing silver altar of Zin.
  1078 | D:2      | Found a shadowy altar of Dithmenos.
  1078 | D:2      | Found a deep blue altar of Sif Muna.
  1104 | D:2      | Noticed Jessica
  1110 | D:2      | Killed Jessica
  1110 | D:2      | Reached XP level 4. HP: 34/37 MP: 3/3
  1212 | D:2      | Found an iron altar of Okawaru.
  1520 | D:3      | Noticed Duffy's ghost (weakling GrMo)
  1522 | D:3      | Noticed an orc warrior
  1523 | D:3      | Killed Duffy's ghost
  1558 | D:3      | Slain by an orc warrior

Vault maps used:
D:1:      wheals_arrival_linesprint
D:2:      nicolae_overflow_quartered_altars, tso_oasis_becter,
          kennysheep_potato, uniq_jessica
D:3:      kennysheep_six_static_rooms

Action                   |  1- 3 |  4- 6 || total
-------------------------+-------+-------++-------
Melee: Long sword        |    89 |    12 ||   101
  Eat: Chunk             |       |     1 ||     1
